 Dungeon Crawl Stone Soup version 0.29-a0-383-g8b6f518c11 (webtiles) character file.

Game seed: 15453566384928774516

47 Kenran the Vexing (level 3, -2/14 HPs)
             Began as a Felid Enchanter on May 6, 2022.
             Slain by a jackal (3 damage)
             ... on level 1 of the Dungeon.
             The game lasted 00:03:39 (1449 turns).

Kenran the Vexing (Felid Enchanter)                 Turns: 1449, Time: 00:03:39

Health: -2/14      AC:  1    Str:  4    XL:     3   Next: 48%
Magic:  0/7        EV: 17    Int: 18    God:
Gold:   89         SH:  0    Dex: 16    Spells: 4/6 levels left
                                        Lives:  0   Deaths: 0

rFire   . . .      SeeInvis +     - Unarmed
rCold   + . .      Faith    .   (shield unavailable)
rNeg    . . .      Spirit   .   (body armour unavailable)
rPois   .          Reflect  .   (helmet unavailable)
rElec   .          Harm     .   (cloak unavailable)
rCorr   .          Rampage  .   (gloves unavailable)
Will    +....                   (boots unavailable)
Stlth   +++.......              (no amulet)
HPRegen 0.04/turn               f - ring of willpower
MPRegen 0.10/turn               e - ring of protection from cold

@: invisible, quick
A: very small, claws 1, fangs 3, see invisible, speed 1, shaggy fur 1, stealthy
paws, no weapons or thrown items, no armour, multi-lived
a: no special abilities


You were on level 1 of the Dungeon.
You visited 1 branch of the dungeon, and saw 2 of its levels.

You collected 89 gold pieces.

Inventory:

Jewellery
 e - a ring of protection from cold (right paw)
 f - a ring of willpower (left paw)
Scrolls
 c - a scroll of identify {unknown}
 h - a scroll of fog {unknown}
 i - a scroll of vulnerability {unknown}
Potions
 a - a potion of invisibility
 b - a potion of heal wounds {unknown}
 d - a potion of resistance {unknown}
 g - a potion of lignification {unknown}


   Skills:
 - Level 3.0 Dodging
 - Level 4.0 Stealth
 - Level 1.0 Unarmed Combat
 - Level 2.0 Spellcasting
 + Level 6.5 Hexes


You had 4 spell levels left.
You knew the following spells:

 Your Spells              Type           Power      Damage    Failure   Level
a - Ensorcelled Hibernat  Hex/Ice        26%        N/A       7%          2

Your spell library contained the following spells:

 Spells                   Type           Power      Damage    Failure   Level
 Confusing Touch          Hex            25%        N/A       3%          3
 Tukima's Dance           Hex            25%        N/A       3%          3
 Dazzling Flash           Conj/Hex       26%        N/A       14%         3


Dungeon Overview and Level Annotations

Branches:
Dungeon (2/15)

Altars:


Innate Abilities, Weirdness & Mutations

You have sharp claws.
You have razor-sharp teeth.
You have supernaturally acute eyesight. (SInv)
You cover ground quickly. (Speed+)
You are covered in fur. (AC +1)
Your paws help you pounce on unaware monsters.
You are incapable of wielding weapons or throwing items.
You cannot wear armour.
You gain extra lives every three experience levels.


Message History

The jackal attacks as you move away! The jackal bites you.
There is an open door here.
Casting: Ensorcelled Hibernation (safe; 7% risk of failure)
Confirm with . or Enter, or press ? or * to list all spells.
Aiming: Ensorcelled Hibernation (safe; 7% risk of failure)
Press: ? - help, Shift-Dir - straight line, f - jackal
Aim: a jackal (chance to affect: 64%)
The jackal resists with significant effort.
The jackal barely misses you. The jackal attacks as you move away!
The jackal closely misses you. x2
The jackal attacks as you move away! The jackal bites you.
* * * LOW HITPOINT WARNING * * *
There is a stone staircase leading up here.
The jackal barely misses you.
You climb upwards.
There is a stone staircase leading down here.
You miss the jackal. The jackal completely misses you.
You barely miss the jackal. The jackal closely misses you.
The jackal bites you but does no damage.
You closely miss the jackal. The jackal completely misses you.
You barely miss the jackal. The jackal misses you. The jackal bites you.
* * * LOW HITPOINT WARNING * * *
The jackal attacks as you move away! The jackal completely misses you.
Casting: Ensorcelled Hibernation (safe; 7% risk of failure)
Confirm with . or Enter, or press ? or * to list all spells.
You don't have enough magic to cast this spell.
Unknown command.
The jackal barely misses you. The jackal attacks as you move away!
The jackal bites you.
* * * LOW HITPOINT WARNING * * *
Casting: Ensorcelled Hibernation (safe; 7% risk of failure)
Confirm with . or Enter, or press ? or * to list all spells.
Aiming: Ensorcelled Hibernation (safe; 7% risk of failure)
Press: ? - help, Shift-Dir - straight line, f - jackal
Aim: a jackal (chance to affect: 64%)
The jackal resists with significant effort.
The jackal closely misses you. The jackal misses you.
You fade into invisibility!
The jackal bites you.
You die...

#.######.# #.#####.# #.#
#.########### #...#...# #.#
#...........# ###.#..). #.#
#..########.# #...### #.#
#..###### #.# ##.## #.# #.†.....#
#.# #># #.# ##.####.# #.# #.# #.#
#.# #.###.########.#
#.#######.####.@h...........# #
##......(.............###########
.....[..............#............
#####....................########
####...#..####.######)#### #
..........####.# #.## #
###....##..##..######..##########
##.#............................#
#.###......(..#####'#####.......#


You could see a jackal (can't see you).

Vanquished Creatures
  An adder (D:2)
  A dart slug (D:1)
  3 ball pythons
  5 bats
  2 giant cockroaches
  4 goblins
  4 hobgoblins
  2 jackals (D:2)
  A frilled lizard (D:1)
  3 kobolds
  8 rats
34 creatures vanquished.

Notes
Turn   | Place    | Note
-------+----------+-------------------------------------------
     0 | D:1      | Kenran the Felid Enchanter began the quest for the Orb.
     0 | D:1      | Reached XP level 1. HP: 7/7 MP: 4/4
   143 | D:1      | Reached skill level 5 in Hexes
   335 | D:1      | Reached XP level 2. HP: 11/11 MP: 6/6
   342 | D:1      | Learned a level 2 spell: Ensorcelled Hibernation
   951 | D:2      | Found a faded altar of an unknown god.
  1147 | D:2      | Reached skill level 6 in Hexes
  1154 | D:2      | Reached XP level 3. HP: 10/14 MP: 0/7
  1449 | D:1      | Slain by a jackal

Illustrated notes

Levels and vault maps discovered:
D:1:      dpeg_arrival_concentric_ovals, layout_loops_ring
D:2:      layout_basic, shapermc_ecumenical_altar_mp_highgroup, uniq_terence

Skill      XL: |  1  2 |
---------------+-------+-----
Dodging        | 3 |  3.0
Hexes          | 5 6 |  6.5
Stealth        | |  4.0
Unarmed Combat | |  1.0
Spellcasting   | |  2.0

Action                   || total
-------------------------++-------
Melee: Unarmed           ||    71
       Punch             ||     1
       Bite              ||     1
 Cast: Ensorcelled Hiber ||    16
  Use: Potion            ||     1
 Stab: Sleeping          ||    18
Armor: Skin              ||     3
Dodge: Dodged            ||    46

Table legend: (Time is in decaauts)
 A = Elapsed time spent in this place.
 B = Non-inter-level travel time spent in this place.
 C = Inter-level travel time spent in this place.
 D = Time resting spent in this place.
 E = Time spent auto-exploring this place.
 F = Levels seen in this place.
 G = Mean time per level.
                   A        B        C        D        E       F      G
               +--------+--------+--------+--------+--------+-----+--------+
         Total |   1290 |   1268 |     22 |    409 |    586 |   2 |  645.0 |
       Dungeon |   1290 |   1268 |     22 |    409 |    586 |   2 |  645.0 |
               +--------+--------+--------+--------+--------+-----+--------+

Top non-repeatable levels by time:
     D:1: 744 daAuts
     D:2: 546 daAuts
